 Dungeon Crawl Stone Soup version 0.30.1-9-gdf580d7c3d (webtiles) character file.

Game seed: 12452971221698381583

87 KittyFluff the Trooper (level 4, -8/43 HPs)
             Began as a Gargoyle Berserker on Oct 6, 2023.
             Was a Believer of Trog.
             Mangled by a gnoll sergeant
             ... wielding a +0 trident
              (14 damage)
             ... on level 6 of the Dungeon.
             The game lasted 00:08:12 (2199 turns).

KittyFluff the Trooper (Gargoyle Berserker)         Turns: 2199, Time: 00:08:12

Health: -8/43      AC:  5    Str: 23    XL:     4   Next: 51%
Magic:  4/4        EV: 12    Int:  7    God:    Trog [**....]
Gold:   94         SH:  0    Dex:  9    Spells: 3/3 levels left

rFire   . . .        j - +2 mace (holy)
rCold   . . .        (no shield)
rNeg    + . .        b - +0 animal skin
rPois   ∞            (no helmet)
rElec   +            (no cloak)
rCorr   .            (no gloves)
SInv    +            (no boots)
Will    +....        q - amulet of Equilibrium {RegenMP rPois SInv Stlth+} Stlth
                     r - ring of willpower
HPRegen 0.27/turn    (no ring)
MPRegen 0.49/turn

%: no passive effects
@: berserking, very quick
A: sickness immunity, AC +3, negative energy resistance 1, electricity
resistance, torment resistance 1, petrification resistance
a: Renounce Religion, Berserk, Trog's Hand


You were on level 6 of the Dungeon.
You worshipped Trog.
Trog was pleased with you.
You visited 1 branch of the dungeon, and saw 4 of its levels.

You collected 94 gold pieces.

Inventory:

Hand Weapons
 a - a +0 mace
 g - a +0 quarterstaff
 j - a +2 mace of holy wrath (weapon)
Missiles
 n - 4 poisoned darts (quivered)
Armour
 b - a +0 animal skin (worn)
Jewellery
 q - the amulet of Equilibrium (around neck) {RegenMP rPois SInv Stlth+}
   (You found it on level 2 of the Dungeon)

   [amulet of magic regeneration]

   It increases your rate of magic regeneration.
   rPois:     It protects you from poison.
   SInv:      It lets you see invisible.
   Stlth:     It makes you more stealthy.
 r - a ring of willpower (left hand)
Scrolls
 d - a scroll of magic mapping {unknown}
 i - a scroll of blinking {unknown}
 k - 3 scrolls of identify {unknown}
 l - a scroll of silence {unknown}
 m - a scroll of enchant weapon {unknown}
 p - a scroll of noise {unknown}
Potions
 c - a potion of brilliance {unknown}
 e - 2 potions of mutation {unknown}
 f - 2 potions of berserk rage {unknown}
 h - 2 potions of curing {unknown}
 o - 2 potions of might {unknown}


   Skills:
 + Level 3.8 Fighting
 * Level 3.8 Maces & Flails
 * Level 3.3 Armour
 + Level 2.1 Dodging


You had 3 spell levels left.
You didn't know any spells.
Your spell library was empty.

Dungeon Overview and Level Annotations

Branches:
Dungeon (3/15)

Altars:
Cheibriados
Elyvilon
Gozag
Trog

Shops:
D:3 (


Innate Abilities, Weirdness & Mutations

You are immune to sickness and miasma.
Your stone body is resilient. (AC +3)
You are immune to poison.
You resist negative energy. (rN+)
You are resistant to electric shocks. (rElec)
You are resistant to unholy torment.
You are immune to petrification.


Message History

A gnoll sergeant comes into view. It is wielding a +0 trident.
A gnoll comes into view. It is wielding a +0 spear.
The gnoll sergeant shouts!
The gnoll shouts!
The gnoll shouts!
You hit the gnoll.
The gnoll is lightly wounded.
You hear a shout!
The gnoll closely misses you.
You sock the gnoll!
The gnoll is severely wounded.
The gnoll barely misses you.
You barely miss the gnoll.
The gnoll is severely wounded.
The gnoll barely misses you.
You sock the gnoll!
You kill the gnoll!
Trog accepts your kill.
A gnoll comes into view. It is wielding a +0 whip.
The gnoll sergeant hits you from afar with a +0 trident!
A red film seems to cover your vision as you go berserk!
You feel yourself moving faster!
You feel mighty!
The gnoll shouts!
The gnoll sergeant hits you from afar with a +0 trident!
A gnoll comes into view. It is wielding a +0 club.
You feel a strong urge to attack something.
You see here a +0 whip.
You sock the gnoll sergeant!
The gnoll sergeant is heavily wounded.
The gnoll sergeant hits you with a +0 trident.
The gnoll hits you from afar with a +0 spear!
* * * LOW HITPOINT WARNING * * *
You barely miss the gnoll sergeant.
The gnoll sergeant is heavily wounded.
The gnoll sergeant barely misses you.
The gnoll hits you from afar with a +0 spear.
* * * LOW HITPOINT WARNING * * *
You closely miss the gnoll sergeant.
The gnoll sergeant is heavily wounded.
The gnoll sergeant hits you with a +0 trident!
You die...

........# #.....#
##.###### #.....#
#.....# #.....#
#####.# #.# #.#
#################.#
..ggggg@..........#
.##################


You could see a gnoll sergeant and 4 gnolls.

Vanquished Creatures
  A gnoll (D:6)
  3 dart slugs
  3 orcs (D:6)
  2 ball pythons (D:1)
  9 endoplasms
  2 giant cockroaches (D:2)
  7 goblins
  5 hobgoblins
  5 jackals
  A quokka (D:2)
  4 bats
  13 frilled lizards
  3 kobolds
  5 rats
63 creatures vanquished.

Notes
Turn   | Place    | Note
-------+----------+-------------------------------------------
     0 | D:1      | KittyFluff the Gargoyle Berserker began the quest for the
                  | Orb.
     0 | D:1      | Reached XP level 1. HP: 14/14 MP: 1/1
   126 | D:1      | Found a faded altar of an unknown god.
   239 | D:1      | Reached XP level 2. HP: 19/19 MP: 2/2
   575 | D:1      | Reached XP level 3. HP: 23/23 MP: 3/3
   960 | D:1      | Reached ** piety under Trog
  1514 | D:2      | Reached XP level 4. HP: 27/29 MP: 4/4
  1925 | D:2      | Identified the amulet of Equilibrium {RegenMP rPois SInv
                  | Stlth+}
  2062 | D:3      | Found Zaitzani's Antique Weapon Emporium.
  2120 | D:3      | You fall into a shaft and drop 3 floors!
  2161 | D:6      | Found a bloodstained altar of Trog.
  2162 | D:6      | Found an opulent altar of Gozag.
  2162 | D:6      | Noticed a scorpion
  2163 | D:6      | Found a snail-covered altar of Cheibriados.
  2163 | D:6      | Found a white marble altar of Elyvilon.
  2189 | D:6      | Noticed a gnoll sergeant
  2199 | D:6      | Mangled by a gnoll sergeant

Illustrated notes

Levels and vault maps discovered:
D:1:      dpeg_arrival_subterranean_lakeside_camping, layout_basic,
          ebering_ecumenical_altar_mist, minmay_lizard_king
D:2:      layout_loops_ring, serial_forest, infiniplex_forest_corner_2,
          infiniplex_forest_side_room, infiniplex_forest_lined_corner,
          infiniplex_forest_end_3, infiniplex_forest_lined_ring,
          infiniplex_forest_clump_double, infiniplex_forest_end_2
D:3:      layout_loops_corners, mainiacjoe_overflow_six_doors_small,
          serial_shops, shop, hangedman_glass_teeth
D:6:      layout_loops_ring, grunt_temple_overflow_open

Skill      XL: |  1  2  3 |
---------------+----------+-----
Dodging        | 2 |  2.1
Armour         | 3 |  3.3
Fighting       | |  3.8
Maces & Flails | |  3.8

Action                     |  1- 3 |  4- 6 || total
---------------------------+-------+-------++-------
  Melee: Mace              |   197 |   115 ||   312
         Punch             |     4 |     1 ||     5
 Invoke: Berserk           |       |     1 ||     1
   Stab: Sleeping          |     1 |     2 ||     3
 Armour: Animal skin       |    30 |     5 ||    35
  Dodge: Dodged            |    89 |    24 ||   113
